 Dungeon Crawl Stone Soup version 0.28.0-45-g0d030f2227 (webtiles) character file.

Game seed: 60586958031365909

93 Zeld the Caller (level 4, 0/25 HPs)
             Began as a Tengu Summoner on Apr 5, 2022.
             Succumbed to an adder's poison
             ... on level 3 of the Dungeon.
             The game lasted 00:04:27 (2299 turns).

Zeld the Caller (Tengu Summoner)                    Turns: 2299, Time: 00:04:28

Health: 0/25       AC:  2    Str:  9    XL:     4   Next: 62%
Magic:  8/8        EV: 12    Int: 17    God:
Gold:   112        SH:  0    Dex: 14    Spells: 1/7 levels left

rFire   . . .      SeeInvis .   (no weapon)
rCold   . . .      Faith    .   (no shield)
rNeg    . . .      Spirit   .   a - +0 robe
rPois   .          Reflect  .   (helmet restricted)
rElec   .          Harm     .   (no cloak)
rCorr   .          Rampage  .   (no gloves)
Will    .....                   (boots unavailable)
Stlth   ++........              (no amulet)
HPRegen 0.08/turn               (no ring)
MPRegen 0.11/turn               (no ring)

@: lethally poisoned (0 -> -12)
A: beak, talons 3
a: no special abilities


You were on level 3 of the Dungeon.
You visited 1 branch of the dungeon, and saw 3 of its levels.

You collected 112 gold pieces.

Inventory:

Armour
 a - a +0 robe (worn)
Scrolls
 d - 2 scrolls of blinking
 e - a scroll of holy word
 f - a scroll of amnesia
 j - a scroll of teleportation
Potions
 h - a potion of curing {unknown}


   Skills:
 + Level 1.4 Fighting
 + Level 2.8 Dodging
 + Level 2.7 Stealth
 + Level 2.4 Spellcasting
 * Level 5.7 Summonings


You had one spell level left.
You knew the following spells:

 Your Spells              Type           Power      Damage    Failure   Level
a - Summon Small Mammal   Summ           84%        N/A       1%          1
b - Call Imp              Summ           21%        N/A       2%          2
c - Call Canine Familiar  Summ           21%        N/A       5%          3

Your spell library contained the following spells:

 Spells                   Type           Power      Damage    Failure   Level
 Beastly Appendage        Tmut           4%         N/A       19%         1
 Summon Guardian Golem    Hex/Summ       11%        N/A       17%         3
 Wereblood                Tmut           2%         N/A       28%         2
 Spider Form              Tmut/Pois      2%         N/A       50%         3
 Summon Lightning Spire   Summ/Air       11%        N/A       50%         4


Dungeon Overview and Level Annotations

Branches:
Dungeon (3/15)

Altars:
Okawaru

Shops:
D:2 =

Portals:
Sewer: D:3


Innate Abilities, Weirdness & Mutations

You have a beak for a mouth.
You have claws for feet.


Message History

The adder bites your hound.
Your hound bites the rat.
The rat dies!
Unknown command.
Your hound bites the adder.
The adder bites you.
You are poisoned.
The adder poisons you!
Your hound splashes around in the water.
Your shadow imp hits the adder.
What are your orders? t - Shout!
Orders for allies: a - Attack new target. r - Retreat! s - Stop attacking. g - Guard the area. f - Follow me.
Anything else - Cancel.
Gang up on whom?
Press: ? - help, Dir - move target, f - adder
Aim: an adder (severely wounded, ally target) Attack!
You feel sick.
Your hound bites the adder but does no damage.
The adder barely misses you.
Your shadow imp barely misses the adder.
You feel sick.
Your hound closely misses the adder.
The rat misses your hound. The adder misses you.
Your hound splashes around in the water.
Your shadow imp splashes around in the water.
Unknown command.
You feel sick. The adder bites you.
* * * LOW HITPOINT WARNING * * *
You are lethally poisoned!
The adder poisons you! The rat bites your hound.
Your hound barely misses the adder.
The adder bites you.
* * * LOW HITPOINT WARNING * * *
You are more poisoned.
The adder poisons you!
Your shadow imp hits the adder.
The adder dies!
It was a potion of cancellation.
You feel magically purged.
* * * LOW HITPOINT WARNING * * *
You feel very sick.
It was a potion of magic.
Magic courses through your body.
You die...

#.# #.# #.#
#.# #.# #.#
#########†#
#.......†.#
#≈.5@.....#
#≈≈≈h≈....#
#≈≈≈r≈≈...#
#+#'#≈≈†..#
*≈≈≈#≈.≈..#
*≈∩≈#≈≈≈..#
#≈≈≈#≈≈≈..#
###########


You could see a rat, a friendly hound (summoned) and a friendly shadow imp
(summoned).

Vanquished Creatures
  A ball python (D:2)
  2 bats (D:2)
  An endoplasm (D:1)
  A giant cockroach (D:2)
  6 frilled lizards
  4 kobolds
  3 rats
18 creatures vanquished.

Vanquished Creatures (collateral kills)
  Natasha (D:3)
  An adder (D:3)
  2 worms (D:2)
  A dart slug (D:2)
  4 ball pythons
  3 bats
  5 goblins
  3 hobgoblins (D:1)
  3 kobolds
  A quokka (D:2)
  2 frilled lizards (D:1)
  8 rats
34 creatures vanquished.

Grand Total: 52 creatures vanquished

Notes
Turn   | Place    | Note
-------+----------+-------------------------------------------
     0 | D:1      | Zeld the Tengu Summoner began the quest for the Orb.
     0 | D:1      | Reached XP level 1. HP: 10/10 MP: 4/4
   254 | D:1      | Reached skill level 5 in Summonings
   254 | D:1      | Reached XP level 2. HP: 16/16 MP: 6/6
   276 | D:1      | Learned a level 2 spell: Call Imp
   647 | D:1      | Found a faded altar of an unknown god.
   947 | D:2      | Reached XP level 3. HP: 20/20 MP: 4/7
   951 | D:2      | Learned a level 3 spell: Call Canine Familiar
  1271 | D:2      | Reached skill level 1 in Fighting
  1487 | D:2      | Found Hoywkual's Jewellery Shoppe.
  2182 | D:3      | Found an iron altar of Okawaru.
  2190 | D:3      | Noticed Natasha
  2199 | D:3      | Killed Natasha
  2200 | D:3      | Reached XP level 4. HP: 21/25 MP: 4/8
  2290 | D:3      | Found a glowing drain.
  2299 | D:3      | Succumbed to an adder's poison

Illustrated notes

Levels and vault maps discovered:
D:1:      lemuel_arrival_broad_hall, layout_rooms,
          ebering_ecumenical_altar_abandoned, minmay_tetromino_t4
D:2:      layout_loops_ring, serial_shops, shop, grunt_ministairs_9,
          serial_bayou_lagoon_a
D:3:      layout_rooms, okawaru_gym_becter, portal_sewer_entry_e, uniq_natasha

Skill      XL: |  1  2  3 |
---------------+----------+-----
Summonings     | 5 |  5.7
Fighting       | 1 |  1.4
Dodging        | |  2.8
Stealth        | |  2.7
Spellcasting   | |  2.4

Action                   |  1- 3 |  4- 6 || total
-------------------------+-------+-------++-------
Melee: Unarmed           |    71 |     6 ||    77
       Kick              |    20 |     2 ||    22
       Peck              |    10 |       ||    10
       Punch             |     2 |       ||     2
 Cast: Summon Small Mamm |    10 |       ||    10
       Call Imp          |    10 |     1 ||    11
       Call Canine Famil |     7 |     1 ||     8
  Use: Scroll            |     6 |       ||     6
       Potion            |       |     2 ||     2
 Stab: Sleeping          |     3 |       ||     3
Armor: Robe              |    34 |     4 ||    38
Dodge: Dodged            |    80 |     5 ||    85
